 Dungeon Crawl Stone Soup version 0.29.1 (webtiles) character file.

Game seed: 12721261307204128953

251 jamesp the Conjurer (level 5, -6/38 HPs)
             Began as a Draconian Conjurer on Sept 13, 2022.
             Mangled by Crazy Yiuf
             ... wielding a +3 quarterstaff of chaos
              (13 damage)
             ... on level 3 of the Dungeon.
             The game lasted 00:10:37 (3414 turns).

jamesp the Conjurer (Draconian Conjurer)            Turns: 3414, Time: 00:10:38

Health: -6/38      AC:  5    Str:  9    XL:     5   Next: 88%
Magic:  15/19      EV: 12    Int: 18    God:
Gold:   76         SH:  0    Dex: 12    Spells: 8/11 levels left

rFire   . . .      SeeInvis .   p - staff of earth
rCold   . . .      Faith    .   (no shield)
rNeg    . . .      Spirit   .   (body armour unavailable)
rPois   .          Reflect  .   (helmet restricted)
rElec   .          Harm     .   (no cloak)
rCorr   .          Rampage  .   (no gloves)
Will    .....                   (no boots)
Stlth   ++........              l - amulet of magic regeneration
HPRegen 0.12/turn               e - ring of magical power
MPRegen 0.56/turn               (no ring)

@: very slightly contaminated
A: AC +5, unfitting armour, cold-blooded
a: no special abilities


You were on level 3 of the Dungeon.
You visited 1 branch of the dungeon, and saw 3 of its levels.

You collected 76 gold pieces.

Inventory:

Hand Weapons
 h - a +0 short sword
 i - a +2 dagger of venom
 n - a +2 vampiric spear
Missiles
 b - 5 poisoned darts
 f - 23 stones
 k - 2 curare-tipped darts
Magical Staves
 p - a staff of earth (weapon)
Jewellery
 e - a ring of magical power (left hand)
 j - a ring of ice
 l - an amulet of magic regeneration (around neck)
 s - an amulet of guardian spirit
Scrolls
 c - a scroll of identify
 g - a scroll of poison
 o - a scroll of enchant armour {unknown}
Potions
 a - a potion of magic
 d - 2 potions of curing
 m - a potion of haste {unknown}
 q - 2 potions of mutation {unknown}
 r - a potion of lignification {unknown}


   Skills:
 - Level 0.1 Short Blades
 + Level 1.1 Staves
 - Level 3.0 Dodging
 - Level 1.7 Stealth
 + Level 3.7 Spellcasting
 + Level 5.3 Conjurations


You had 8 spell levels left.
You knew the following spells:

 Your Spells              Type           Power      Damage    Failure   Level
a - Magic Dart            Conj           88%        1d7       1%          1
b - Searing Ray           Conj           44%        2d6       2%          2

Your spell library contained the following spells:

 Spells                   Type           Power      Damage    Failure   Level
 Dazzling Flash           Conj/Hex       26%        N/A       16%         3
 Gell's Gravitas          Tloc           3%         N/A       41%         3
 Teleport Other           Tloc           3%         N/A       41%         3
 Fulminant Prism          Conj/Hex       6%         3d7       45%         4
 Iskenderun's Mystic Bla  Conj/Tloc      13%        2d5       45%         4
 Dispersal                Tloc           1%         N/A       100%        6


Dungeon Overview and Level Annotations

Branches:
Dungeon (3/15)

Altars:

Annotations:
D:3 Crazy Yiuf


Innate Abilities, Weirdness & Mutations

Your plain brown scales are hard. (AC +5)
You cannot fit into any form of body armour.
You are cold-blooded and may be slowed by cold attacks.


Message History

You now have 76 gold pieces (gained 8).
Found a hammer.
Found a runed translucent door.
You open the door.
Casting: Magic Dart (safe; 1% risk of failure)
Confirm with . or Enter, or press ? or * to list all spells.
Aiming: Searing Ray (safe; 2% risk of failure)
Press: ? - help, Shift-Dir - straight line, f - Crazy Yiuf
Aim: Crazy Yiuf, wielding a +3 quarterstaff of chaos, wearing a +0 cloak and carrying a wand of light (6) (81% to hit)
You miscast Searing Ray.
You are very lightly contaminated with residual magic.
Nothing appears to happen.
Crazy Yiuf hits you with a +3 quarterstaff of chaos!
Casting: Searing Ray (safe; 2% risk of failure)
Confirm with . or Enter, or press ? or * to list all spells.
Aiming: Searing Ray (safe; 2% risk of failure)
Press: ? - help, Shift-Dir - straight line, f/p - Crazy Yiuf
Aim: Crazy Yiuf, wielding a +3 quarterstaff of chaos, wearing a +0 cloak and carrying a wand of light (6) (81% to hit)
The searing ray hits Crazy Yiuf but does no damage. (Press . to maintain the ray.) Crazy Yiuf closely misses you.
The searing ray hits Crazy Yiuf.
Crazy Yiuf is lightly wounded.
Crazy Yiuf hits you with a +3 quarterstaff of chaos!
You resist with some effort.
The searing ray hits Crazy Yiuf!
Crazy Yiuf is heavily wounded.
Crazy Yiuf hits you with a +3 quarterstaff of chaos!
* * * LOW HITPOINT WARNING * * *
You are electrocuted!
* * * LOW HITPOINT WARNING * * *
The searing ray hits Crazy Yiuf.
Crazy Yiuf is severely wounded.
You finish channelling your searing ray.
Crazy Yiuf says, "Mugger tea poople!"
Crazy Yiuf zaps a wand.
The bolt of light misses you.
Crazy Yiuf screams, "Adder!"
Crazy Yiuf zaps a wand.
The bolt of light misses you.
You feel better.
Crazy Yiuf hits you with a +3 quarterstaff of chaos!
You die...

#..))########.......
##..## #.......
♣)...♣ #.......
♣...♣♣ #####..##
♣♣.♣♣ #........ ♣.♣♣
#........ ♣♣.♣
#........ ♣.♣♣
#........ ♣♣@♣
#........ #g#
####........ ...
#........... #...#
#.........). #..)#
#.....÷..... #####
#.......####
#..##.###
######..#..######
#.......#........


You could see Crazy Yiuf.

Vanquished Creatures
  Sigmund (D:2)
  An orc wizard (D:3)
  A gnoll (D:2)
  A worm (D:3)
  A dart slug (D:3)
  4 orcs (D:3)
  A ball python (D:3)
  5 bats
  8 endoplasms
  2 giant cockroaches (D:1)
  9 goblins
  5 hobgoblins
  5 jackals
  A kobold (D:1)
  A quokka (D:2)
  3 frilled lizards
  4 rats
53 creatures vanquished.

Notes
Turn   | Place    | Note
-------+----------+-------------------------------------------
     0 | D:1      | jamesp the Draconian Conjurer began the quest for the Orb.
     0 | D:1      | Reached XP level 1. HP: 14/14 MP: 3/3
   285 | D:1      | Found a faded altar of an unknown god.
   289 | D:1      | Reached XP level 2. HP: 20/20 MP: 1/5
  1237 | D:2      | Reached XP level 3. HP: 26/26 MP: 6/6
  1291 | D:2      | Noticed Sigmund
  1300 | D:2      | Learned a level 2 spell: Searing Ray
  1313 | D:2      | Killed Sigmund
  1314 | D:2      | Reached skill level 5 in Conjurations
  1314 | D:2      | Reached XP level 4. HP: 17/33 MP: 9/9
  1314 | D:2      | Reached XP level 5. HP: 20/38 MP: 10/10
  1712 | D:2      | Identified the +6 scale mail of Refuge {rF- Regen+ MP+9
                  | Str+3}
  3016 | D:3      | Reached skill level 1 in Staves
  3403 | D:3      | Found a runed translucent door.
  3404 | D:3      | Noticed Crazy Yiuf
  3414 | D:3      | Mangled by Crazy Yiuf

Illustrated notes

Levels and vault maps discovered:
D:1:      dpeg_arrival_long_road, layout_loops_ring,
          hellmonk_ecumenical_altar_arch_garden
D:2:      layout_basic, uniq_sigmund
D:3:      layout_rooms, grunt_temple_overflow_open,
          amcnicky_mini_corridor_feature, reono_crystal_passage,
          uniq_crazy_yiuf_cottage, uniq_jessica

Skill      XL: |  1  2  3  4  5 |
---------------+----------------+-----
Dodging        | 2 3 |  3.0
Spellcasting   | 3 |  3.7
Conjurations   | 5 |  5.3
Staves         | 1 |  1.1
Short Blades   | |  0.1
Stealth        | |  1.7

Action                   |  1- 3 |  4- 6 || total
-------------------------+-------+-------++-------
Melee: Unarmed           |     4 |       ||     4
       Tailslap          |     9 |    12 ||    21
       Dagger            |     8 |    11 ||    19
       Short sword       |    16 |       ||    16
       Staff             |       |    77 ||    77
       Punch             |       |     1 ||     1
 Cast: Magic Dart        |    38 |    15 ||    53
       Searing Ray       |     1 |     5 ||     6
  Use: Scroll            |       |     2 ||     2
       Potion            |       |     2 ||     2
 Stab: Sleeping          |     1 |     1 ||     2
Armor: Skin              |     9 |    34 ||    43
Dodge: Dodged            |    17 |    80 ||    97
